 Dungeon Crawl Stone Soup version 0.27.1-33-g824d729ab1 (webtiles) character file.

Game seed: 949201522672015426

46 Descartes the Ducker (level 3, -2/16 HPs)
             Began as a Felid Warper on Nov 24, 2021.
             Slain by a wight (10 damage)
             ... in a sewer.
             The game lasted 00:04:03 (3528 turns).

Descartes the Ducker (Felid Warper)                 Turns: 3528, Time: 00:04:04

Health: -2/16      AC:  5    Str:  8    XL:     3   Next: 46%
Magic:  7/7        EV: 19    Int: 14    God:
Gold:   36         SH:  0    Dex: 15    Spells: 6/6 levels left
                                        Lives:  0   Deaths: 1

rFire    . . .     SeeInvis +     - Unarmed
rCold    . . .     Faith    .   (shield unavailable)
rNeg     + . .     Spirit   .   (armour unavailable)
rPois    .         Reflect  .   (helmet unavailable)
rElec    .         Harm     .   (cloak unavailable)
rCorr    .         Rampage  .   (gloves unavailable)
Will     .....                  (boots unavailable)
Stlth    +.........             (no amulet)
HPRegen  0.05/turn              e - +4 ring of protection
MPRegen  0.10/turn              d - ring of positive energy

@: quick
A: very small, claws 1, fangs 3, see invisible, speed 1, shaggy fur 1, stealthy
paws, no weapons or thrown items, no armour, multi-lived
a: no special abilities


You were in a sewer.
You visited 1 branch of the dungeon, and saw 3 of its levels.
You also visited: Sewer.

You collected 36 gold pieces.

Inventory:

Missiles
 b - 117 stones
Jewellery
 d - a ring of positive energy (right paw)
 e - a +4 ring of protection (left paw)
Scrolls
 a - a scroll of blinking
 c - 2 scrolls of identify {unknown}
 f - a scroll of magic mapping {unknown}
 h - a scroll of fear {unknown}
 k - a scroll of noise {unknown}


   Skills:
 - Level 2.0 Fighting
 * Level 5.7 Dodging
 + Level 3.1 Unarmed Combat
 - Level 2.0 Spellcasting
 - Level 4.4 Translocations


You had 6 spell levels left.
You didn't know any spells.
Your spell library contained the following spells:

 Spells                   Type           Power      Damage    Failure   Level
 Blink                    Tloc           N/A        N/A       6%          2
 Gell's Gravitas          Tloc           6%         N/A       12%         3
 Lesser Beckoning         Tloc           6%         N/A       12%         3
 Teleport Other           Tloc           13%        N/A       12%         3
 Passwall                 Tmut/Erth      0%         N/A       34%         2
 Swiftness                Air            1%         N/A       56%         3
 Manifold Assault         Tloc           13%        N/A       73%         5
 Invisibility             Hex            0%         N/A       100%        6


Dungeon Overview and Level Annotations

Branches:
Dungeon (3/15)              Sewer (1/1)

Altars:

Shops:
D:1 (

Annotations:
D:3 Terence


Innate Abilities, Weirdness & Mutations

You have sharp claws.
You have razor-sharp teeth.
You have supernaturally acute eyesight. (SInv)
You cover ground quickly. (Speed+)
You are covered in fur. (AC +1)
Your paws help you pounce on unaware monsters.
You are incapable of wielding weapons or throwing items.
You cannot wear armour.
You gain extra lives every three experience levels.


Message History

You scratch the wight but do no damage.
The wight is heavily damaged.
The wight completely misses you.
You scratch the wight but do no damage.
The wight is heavily damaged.
The wight hits you with a +4 hand axe. You partially resist.
You feel drained.
You scratch the wight but do no damage.
The wight is moderately damaged.
The wight hits you with a +4 hand axe.
* * * LOW HITPOINT WARNING * * *
You scratch the wight. You bite the wight.
The wight is heavily damaged.
The wight hits you with a +4 hand axe.
* * * LOW HITPOINT WARNING * * *
You partially resist.
You feel drained.
You scratch the wight.
The wight is severely damaged.
The wight hits you with a +4 hand axe.
You die...
You partially resist.
You feel drained.
You are now level 3!
You rejoin the land of the living...
A kobold is nearby!
No reachable target in view!
Items here: )) ÷÷.
There is an open door here.
You barely miss the wight.
The wight is severely damaged.
The wight hits you with a +4 hand axe!
Ouch! That really hurt!
You are too injured to fight recklessly!
You are too injured to fight recklessly!
You scratch the wight but do no damage.
The wight is severely damaged.
The wight misses you.
You closely miss the wight. Your bite misses the wight.
The wight is severely damaged.
The wight hits you with a +4 hand axe!
Ouch! That really hurt!
You die...

###############
#≈≈.'..≈≈≈≈≈≈≈≈≈≈≈
#≈≈.#.≈≈≈≈≈≈≈≈≈≈≈≈≈≈
#≈.@#)≈≈≈≈≈≈≈≈≈≈≈≈≈≈
#≈≈z#.≈≈≈≈≈≈≈≈≈≈≈≈≈≈ ##+++
#≈≈.#..≈≈≈≈≈≈≈≈≈≈≈≈≈ #.....
#≈≈.#...≈≈≈≈≈≈≈≈≈≈≈≈
...⌠..###.####.###≈##≈##≈##
.⌠.....#...#≈≈.............
..._.⌠Kz†.Kz≈≈≈............
.⌠....Z#)))#≈≈.............
...⌠..###.####.#≈###≈≈#≈###


You could see a wight.

Vanquished Creatures
  An adder (D:2)
  2 river rats
  2 shadow imps (Sewer)
  2 ufetubi (Sewer)
  An adder zombie (Sewer)
  2 dart slugs
  2 bats
  An endoplasm (Sewer)
  A giant cockroach (D:1)
  A goblin (D:1)
  2 hobgoblins (D:1)
  3 jackals (D:1)
  A quokka (D:1)
  3 ball pythons
  2 frilled lizards (D:1)
  15 kobolds
  A rat (D:1)
42 creatures vanquished.

Notes
Turn   | Place    | Note
-------+----------+-------------------------------------------
     0 | D:1      | Descartes the Felid Warper began the quest for the Orb.
     0 | D:1      | Reached XP level 1. HP: 9/9 MP: 4/4
   188 | D:1      | Found Gapittor's Weapon Shop.
   369 | D:1      | Reached XP level 2. HP: 9/13 MP: 6/6
   565 | D:1      | Reached skill level 4 in Dodging
  1832 | D:2      | Found a faded altar of an unknown god.
  1853 | D:2      | Reached XP level 3. HP: 13/16 MP: 7/7
  2196 | D:3      | Noticed Terence
  2243 | D:3      | Found a glowing drain.
  2273 | D:3      | Reached skill level 5 in Dodging
  2281 | Sewer    | Entered a sewer
  2807 | Sewer    | Reached XP level 4. HP: 10/19 MP: 8/8
  3487 | Sewer    | Found an ancient bone altar of Kikubaaqudgha.
  3510 | Sewer    | Slain by a wight
  3511 | Sewer    | Reached XP level 3. HP: -3/13 MP: 7/7
  3528 | Sewer    | Slain by a wight

Illustrated notes

Levels and vault maps discovered:
D:1:      lightli_arrival_quake, layout_basic, serial_shops, shop,
          roderic_serpentine_path, dk_noncrumbling_2, lemuel_old_faithful
D:2:      layout_basic, ebering_ecumenical_altar_webs
D:3:      layout_rooms, ebering_ghost_reflecting_pool, portal_sewer_entry_a,
          minmay_lizard_king, uniq_terence
Sewer:    kennysheep_sewer_church

Skill      XL: |  1  2  3  4 |
---------------+-------------+-----
Dodging        | 4 5 |  5.7
Unarmed Combat | 3 |  3.1
Fighting       | |  2.0
Spellcasting   | |  2.0
Translocations | |  4.4

Action                   |  1- 3 |  4- 6 || total
-------------------------+-------+-------++-------
Melee: Unarmed           |   127 |    82 ||   209
       Bite              |     9 |     5 ||    14
       Punch             |     1 |     1 ||     2
  Use: Potion            |     1 |     2 ||     3
 Stab: Sleeping          |     2 |       ||     2
Armor: Skin              |    14 |    10 ||    24
Dodge: Dodged            |   141 |    63 ||   204
